 Dungeon Crawl Stone Soup version 0.27.1-34-g3ba077fa99 (webtiles) character file.

Game seed: 11358453113784945397

145 cayde69 the Shooter (level 5, -6/49 HPs)
             Began as a Troll Hunter on Jan 27, 2022.
             Mangled by Crazy Yiuf (9 damage)
             ... on level 3 of the Dungeon.
             The game lasted 00:24:23 (2111 turns).

cayde69 the Shooter (Troll Hunter)                  Turns: 2111, Time: 00:24:24

Health: -6/49      AC:  5    Str: 20    XL:     5   Next: 6%
Magic:  4/4        EV:  9    Int:  7    God:
Gold:   74         SH:  0    Dex: 11    Spells: 4/4 levels left

rFire    + + .     SeeInvis .   t - +0 mace (vorpal)
rCold    . . .     Faith    .   (no shield)
rNeg     . . .     Spirit   .   o - +1 robe {Archmagi}
rPois    +         Reflect  .   (helmet restricted)
rElec    +         Harm     .   (no cloak)
rCorr    +         Rampage  .   (gloves unavailable)
Will     .....     Archmagi +   (boots unavailable)
Stlth    +.........             (no amulet)
HPRegen  1.16/turn              j - ring of resist corrosion
MPRegen  0.09/turn              q - ring of fire

@: resistant, hasted, very quick
A: large, unfitting armour, claws 3, regeneration 1, shaggy fur 1, tough skin 1
a: no special abilities


You were on level 3 of the Dungeon.
You visited 1 branch of the dungeon, and saw 3 of its levels.

You collected 74 gold pieces.

Inventory:

Hand Weapons
 a - a +1 shortbow
 b - a +0 short sword
 t - a +0 vorpal mace (weapon)
 u - a +0 hunting sling of flaming
Missiles
 d - 7 arrows
 f - 26 stones (quivered)
 r - 5 curare-tipped darts
Armour
 c - a +0 robe
 i - a +0 ring mail
 o - a +1 robe of the Archmagi (worn)
Jewellery
 j - a ring of resist corrosion (left claw)
 q - a ring of fire (right claw)
Scrolls
 g - a scroll of teleportation {unknown}
 k - a scroll of immolation {unknown}
 l - 2 scrolls of vulnerability {unknown}
 n - a scroll of brand weapon {unknown}
 s - a scroll of enchant weapon {unknown}
Potions
 m - a potion of lignification
 p - a potion of curing {unknown}


   Skills:
 - Level 2.1 Fighting
 + Level 0.8 Slings
 * Level 3.9 Bows
 - Level 1.6 Dodging
 - Level 0.4 Stealth


You had 4 spell levels left.
You didn't know any spells.
Your spell library contained the following spells:

 Spells                   Type           Power      Damage    Failure   Level
 Animate Dead             Necr           0%         N/A       99%         4
 Borgnjor's Vile Clutch   Necr/Erth      0%         N/A       100%        5
 Death Channel            Necr           0%         N/A       100%        6


Dungeon Overview and Level Annotations

Branches:
Dungeon (3/15)

Altars:
Qazlal
Sif Muna

Annotations:
D:3 Crazy Yiuf


Innate Abilities, Weirdness & Mutations

You are too large for most types of armour.
You have claws for hands.
Your natural rate of healing is unusually fast.
You are covered in fur. (AC +1)
You have tough skin. (AC +1)


Message History

You shoot a stone.
The stone hits Crazy Yiuf but does no damage.
Crazy Yiuf closely misses you.
You shoot a stone. The stone barely misses Crazy Yiuf.
Crazy Yiuf closely misses you.
You shoot a stone. The stone closely misses Crazy Yiuf.
Crazy Yiuf hits you with a +3 quarterstaff of chaos!
You shoot a stone. The stone closely misses Crazy Yiuf.
Crazy Yiuf hits you with a +3 quarterstaff of chaos!
Crazy Yiuf burns you.
You shoot a stone. The stone hits Crazy Yiuf.
The stone burns Crazy Yiuf.
Crazy Yiuf is lightly wounded.
Crazy Yiuf hits you with a +3 quarterstaff of chaos.
You feel yourself speed up.
You are too injured to fight recklessly!
You are too injured to fight recklessly!
You see here a +0 mace.
You see here a +0 mace.
Crazy Yiuf cries, "You leg down broken song, no?"
You see here a +0 mace.
Your +0 hunting sling of flaming stops flaming.
t - a +0 vorpal mace (weapon)
Crazy Yiuf hits you with a +3 quarterstaff of chaos!
Crazy Yiuf burns you.
You barely miss Crazy Yiuf.
Crazy Yiuf is lightly wounded.
Crazy Yiuf hits you with a +3 quarterstaff of chaos!
* * * LOW HITPOINT WARNING * * *
Crazy Yiuf freezes you.
* * * LOW HITPOINT WARNING * * *
It was a potion of haste.
You feel as though your hastened speed will last longer.
It was a potion of resistance.
You feel protected. Crazy Yiuf closely misses you.
You hit Crazy Yiuf.
Crazy Yiuf is moderately wounded.
Crazy Yiuf laughs, "Mama meccalolo ladder!"
Crazy Yiuf hits you with a +3 quarterstaff of chaos!
You die...

####.#####..........)#.
#..............###.....
#.###..........# #....#
#.# #..........# #....#
#.# ############ ##...#
#.# #...# #.########
#...# #.#...)#.### ###
#...# #.....@g#))##)))#
##... #......####)())(#
#.## ##....## ###)))#
#... ###### ### ###. #.
##### #..<. #.... #....


You could see Crazy Yiuf.

Vanquished Creatures
  Jessica (D:2)
  An adder (D:2)
  4 gnolls (D:2)
  3 dart slugs
  2 orcs (D:3)
  4 endoplasms
  A giant cockroach (D:1)
  7 goblins
  6 hobgoblins
  6 jackals
  4 kobolds (D:1)
  3 quokkas
  3 ball pythons
  7 bats
  4 frilled lizards
  8 rats
64 creatures vanquished.

Vanquished Creatures (others)
  7 plants (D:2)
7 creatures vanquished.

Grand Total: 71 creatures vanquished

Notes
Turn   | Place    | Note
-------+----------+-------------------------------------------
     0 | D:1      | cayde69 the Troll Hunter began the quest for the Orb.
     0 | D:1      | Reached XP level 1. HP: 19/19 MP: 0/0
    92 | D:1      | Reached skill level 3 in Bows
   150 | D:1      | Reached XP level 2. HP: 27/27 MP: 1/1
   632 | D:1      | Reached XP level 3. HP: 33/33 MP: 2/2
   912 | D:2      | Noticed Jessica
   920 | D:2      | Killed Jessica
  1013 | D:2      | Reached XP level 4. HP: 38/42 MP: 3/3
  1259 | D:2      | Found a shimmering blue altar of Sif Muna.
  1901 | D:3      | Reached XP level 5. HP: 49/49 MP: 4/4
  1995 | D:3      | Found a stormy altar of Qazlal.
  2087 | D:3      | Found a runed translucent door.
  2089 | D:3      | Noticed Crazy Yiuf
  2108 | D:3      | HP: 2/49 [Crazy Yiuf (16)]
  2111 | D:3      | Mangled by Crazy Yiuf

Illustrated notes

Levels and vault maps discovered:
D:1:      eino_arrival_cavern_a, layout_basic, corexii_corridor_pit,
          kennysheep_pointless_box, minmay_tall_x
D:2:      layout_basic, basic_altar, serial_bayou_pond_c, amethyst_killhole,
          wander_ebering_terrifying_dragon_lair, uniq_jessica
D:3:      layout_basic, nicolae_overflow_crystal_walls, uniq_crazy_yiuf_cottage

Skill      XL: |  1  2  3  4 |
---------------+-------------+-----
Bows           | 3 |  3.9
Fighting       | 2 |  2.1
Slings         | |  0.8
Dodging        | |  1.6
Stealth        | |  0.4

Action                   |  1- 3 |  4- 6 || total
-------------------------+-------+-------++-------
Melee: Shortbow          |    10 |     8 ||    18
       Short sword       |       |    28 ||    28
       Mace              |       |     2 ||     2
 Fire: Shortbow          |    76 |    13 ||    89
       Hunting sling     |       |    73 ||    73
  Use: Potion            |       |     4 ||     4
       Scroll            |       |     1 ||     1
Armor: Robe              |    11 |    14 ||    25
       Skin              |       |    72 ||    72
Dodge: Dodged            |    19 |    28 ||    47
